 BcadrenCrawl: Boulder Brew version 0.03.2.1-60-gf6a17aa475 (webtiles) character file.

Game seed: 15906625013119163945, levelgen mode: deterministic

37843 esc the Impaler (level 13, -10/117 HPs) Minotaur Noble. Began on Feb 6, 2021. Was a Priest of the Shining One. Mangled by a death yak (19 damage) ... on level 3 of the Lair of Beasts. The game lasted 00:14:00 (6991 turns).

esc the Impaler (Minotaur Noble)                    Turns: 6991, Time: 00:14:01

Health: -10/117    AC: 26    Str: 25    XL:     13 ^: 10403
Magic:  0/14       EV: 16    Int:  5    God:    the Shining One [3* [86]]
Gold:   709        SH:  0    Dex: 17    Spells: 14/14 levels left

rFire    . . .     Vision   .   c - +6 scythe
rCold    . . .     Gourm    .   (also wielding the above weapon)
rNeg     + . .     Faith    .   d - +5 plate armour {ponderous}
rPois    .         Spirit   +   g - +0 hat
rElec    .         Reflect  .   p - +2 cloak
rCorr    .         Harm     .   f - +0 pair of gloves {Str+3}
MR       .....     Rnd*Tele +   e - +0 pair of boots
Stlth    ..........             m - amulet of guardian spirit
HPRegen  0.49/turn              i - ring of evasion (curse) {(Curse: *Tele)}
MPRegen  0.24/turn              E - ring of strength (curse) {(Curse: Int-2)}

@: glowing, slow
A: retaliatory headbutt, horns 2
a: Divine Shield, Renounce Religion


You were on level 3 of the Lair of Beasts.
You worshipped the Shining One.
The Shining One was most pleased with you.
You were not hungry.

You visited 3 branches of the dungeon, and saw 9 of its levels.
You also visited: Market.

You collected 709 gold pieces.
You spent 1000 gold pieces at shops.

Inventory:

Weapons
 c - a +6 scythe (weapon)
Armour
 d - a +5 plate armour of ponderousness (worn)
 e - a +0 pair of boots (worn)
 f - a +0 pair of gloves of strength (worn)
 g - a +0 hat (worn)
 p - a +2 cloak (worn)
 K - a scarf of repulsion
Jewellery
 i - a cursed ring of evasion (left hand) {(Curse: *Tele)}
 m - an amulet of guardian spirit (around neck)
 o - an uncursed amulet of the acrobat
 w - a cursed ring of protection from magic {(Curse: *Corrode)}
 E - a cursed ring of strength (right hand) {(Curse: Int-2)}
 F - an uncursed ring of intelligence
 G - an uncursed ring of magical power
Wands
 y - a wand of flame (7)
 A - a wand of polymorph (2)
 D - a wand of disintegration (2)
 I - a wand of iceblast (8)
Scrolls
 j - 6 scrolls of teleportation
 k - a scroll of silence
 n - 2 scrolls of holy word
 r - 5 scrolls of blinking
 t - 2 scrolls of summoning
 u - 2 scrolls of fog
 x - 4 scrolls of immolation
 B - 2 scrolls of magic mapping
 J - 2 scrolls of amnesia
Potions
 a - a potion of agility
 h - a potion of cancellation
 l - 4 potions of haste
 q - 4 potions of heal wounds
 s - 2 potions of curing
 v - 2 potions of ambrosia
 z - 3 potions of lignification
 C - a potion of brilliance
Comestibles
 b - 18 rations
 H - a chunk of flesh


   Skills:
 + Level 11.9 Fighting
 * Level 18.8 Polearms
 + Level 11.8 Armour
 - Level 3.0 Dodging
 - Level 0.7 Stealth
 - Level 1.0 Spellcasting
 - Level 3.0 Invocations


You had 14 spell levels left.
You didn't know any spells.
Your spell library contained the following spells:

 Spells                   Type           Power        Failure   Level  Hunger
 Poisonous Vapours        Pois/Air       0 (50)       82%         1    ##.....
 Summon Small Mammal      Summ           0 (25)       82%         1    ##.....
 Call Imp                 Summ           0 (100)      91%         2    ###....
 Ensorcelled Hibernation  Hex/Ice        0 (50)       91%         2    ###....
 Sting                    Pois           0 (25)       91%         2    ###....
 Call Canine Familiar     Summ           0 (100)      99%         3    ####...
 Ignite Poison            Fire/Tmut      0 (100)      99%         3    ####...
 Mephitic Cloud           Pois/Air       0 (100)      99%         3    ####...
 Leda's Liquefaction      Tmut/Erth      0 (200)      100%        4    #####..
 Olgreb's Toxic Radiance  Pois           0 (100)      100%        4    #####..
 Summon Ice Beast         Ice/Summ       0 (100)      100%        4    #####..
 Bolt of Magma            Fire/Erth      0 (200)      100%        5    ######.
 Silence                  Hex/Air        0 (200)      100%        5    ######.
 Summon Lightning Spire   Summ/Air       0 (100)      100%        5    ######.
 Borgnjor's Vile Clutch   Necr/Erth      0 (200)      100%        6    #######
 Darkness                 Hex            0 (200)      100%        6    #######
 Iron Shot                Erth           0 (200)      100%        6    #######
 Shadow Creatures         Summ           N/A          100%        6    #######
 Statue Form              Tmut/Erth      0 (150)      100%        6    #######
 Tunneling                Erth           0 (200)      100%        6    #######
 Infestation              Tmut/Pois      0 (200)      100%        7    #######
 Shatter                  Erth           0 (200)      100%        9    #######


Dungeon Overview and Level Annotations

Branches:
Dungeon (5/8)              Temple (1/1) D:4            Lair (3/6) D:5
 Shoals (0/4) Lair:3
  Snake: Lair:2-4    Spider: Lair:2-4

Altars:
Ashenzari
Cheibriados
Dithmenos
Elyvilon
Gozag Ym Sagoz
Hepliaklqana
Makhleb
Nemelex Xobeh
Okawaru
Qazlal
Ru
Sif Muna
Trog
Uskayaw
Vehumet
Wu Jian
Xom
Yredelemnul
Zin
The Shining One

Shops:
D:4 (

Annotations:
Lair:1 3 runed translucent doors
Lair:3 exclusion: 3 oklob plants


Innate Abilities, Weirdness & Mutations

You reflexively headbutt those who attack you in melee.
You have a pair of horns on your head.


Message History

You slice the death yak like a ripe choko (36)!!!
You slice the death yak (32)!!
You kill the death yak!
You slash the death yak (11)! You hit the death yak (5).
The death yak gores you (16)!
You are too injured to fight recklessly!
You are too injured to fight recklessly!
You are too injured to fight recklessly!
You slice the death yak (18)!!
The death yak is severely wounded. (33/87) HP You slice the death yak (20)!!
The death yak gores you (18)!! The death yak gores you (19)!!
* * * LOW HITPOINT WARNING * * *
Unknown command.
You cut the death yak into ribbons (45)!!!
You kill the death yak!
You slice the death yak (22)!! The death yak gores you (19)!!
* * * LOW HITPOINT WARNING * * *
The death yak gores you (20)!!
You die...

. #...##..... ..
......... ..
#...♣... . ..
#...... #.. ..
##.♣...♣...# ...
#........#.# #..#
##.Y†♣....# ...#
##..†@....# ....
#..†..##...# #..##.
#.....###.#...# #..
#.. +.♣...##..
...###..# ###
#....##....##...#..#
#
###.#.....#.#......#
# #. ....#...#...#.#
# #
........#.....### #
###
........#.<.#..#.###


You could see a death yak.

Vanquished Creatures
  Gammafunk (Lair:2)
  2 boulder beetles
  A hydra (Lair:1)
  A tengu warrior (D:5)
  Pikel (D:5)
  2 oklob plants (Lair:3)
  8 death yaks
  A manticore (Lair:3)
  A black mamba (Lair:1)
  5 spiny frogs
  A rime drake (Lair:2)
  3 komodo dragons
  11 blink frogs
  2 hippogriffs
  9 yaks
  4 basilisks
  A hungry ghost (D:5)
  3 wargs (D:5)
  A phantom (D:3)
  13 water moccasins
  2 orc warriors
  9 porcupines
  2 scorpions (D:4)
  2 black bears
  An eye of draining (D:5)
  3 ogres
  21 wolves
  9 crocodiles
  3 big kobolds
  A harpy zombie (D:4)
  10 bullfrogs
  A centaur (D:5)
  3 howler monkeys
  8 killer bees
  A crimson imp (D:4)
  8 orc priests
  2 hounds
  9 jellies
  3 iguanas
  10 orc wizards
  4 worker ants
  A wyvern zombie (D:5)
  A wyvern skeleton (D:4)
  7 giant cockroaches
  An iron imp (D:4)
  A porcupine zombie (D:5)
  2 bullfrog skeletons (D:4)
  A bullfrog zombie (D:4)
  A porcupine skeleton (D:5)
  11 adders
  7 gnolls
  31 sewer rats (D:2)
  3 white imps
  11 cinder newts
  4 worms
  4 oozes (D:2)
  A dart slug (D:3)
  7 leopard geckos
  35 orcs
  A cinder newt skeleton (D:2)
  8 goblins (D:1)
  4 hobgoblins (D:1)
  5 jackals
  3 quokkas
  3 ball pythons (D:2)
  3 bats (D:1)
  2 bat skeletons (D:2)
  19 kobolds
  4 rats (D:1)
  A rat skeleton (D:2)
  A butterfly (D:5)
  A fungus (Lair:2)
  12 plants
  26 withered plants (D:2)
405 creatures vanquished.

Vanquished Creatures (others)
  A troll (D:5)
  A scorpion (D:5)
  A sky beast (D:5)
  A centaur (D:5)
  A merfolk siren (D:2)
  An orc wizard (D:5)
  A leopard gecko (D:2)
  3 orcs (D:5)
  A ball python (D:2)
  A kobold (D:5)
  A plant (Lair:3)
  152 withered plants (D:2)
165 creatures vanquished.

Grand Total: 570 creatures vanquished

Notes
Turn   | Place    | Note
-------+----------+-------------------------------------------
     0 | Start Ma | esc the Minotaur Noble began the quest for the Orb.
     0 | Start Ma | Reached XP level 1. HP: 16/16 MP: 1/1
     0 | Start Ma | Found Umiqowue's Mashing MeleeMart.
     7 | Start Ma | Bought a +0 scythe for 120 gold pieces
     8 | Start Ma | Bought a +5 plate armour of ponderousness for 300 gold
                  | pieces
    10 | Start Ma | Bought a +0 pair of boots for 135 gold pieces
    13 | Start Ma | Found Exupsuowk's Auxillary Armour.
    17 | Start Ma | Found Gube Oto's Expert Tomes.
    21 | Start Ma | Bought a +0 pair of gloves of strength for 230 gold pieces
    21 | Start Ma | Bought a +0 hat for 80 gold pieces
    32 | Start Ma | Bought a +0 cloak for 135 gold pieces
    72 | D:1      | esc set off with the following items: a ration, a +0
                  | scythe, a +5 plate armour of ponderousness, a +0 pair of
                  | boots, a +0 pair of gloves of strength, a +0 hat, a +0
                  | cloak
   100 | D:1      | Reached skill level 1 in Polearms
   115 | D:1      | Reached skill level 2 in Polearms
   116 | D:1      | Reached XP level 2. HP: 15/23 MP: 2/2
   168 | D:1      | Reached skill level 3 in Polearms
   217 | D:1      | Reached XP level 3. HP: 27/28 MP: 3/3
   703 | D:1      | Reached skill level 4 in Polearms
   750 | D:1      | Reached XP level 4. HP: 35/35 MP: 4/4
  1098 | D:2      | Reached skill level 5 in Polearms
  1147 | D:2      | Reached skill level 6 in Polearms
  1147 | D:2      | Reached XP level 5. HP: 40/40 MP: 5/5
  1178 | D:2      | Reached skill level 7 in Polearms
  1178 | D:2      | Reached skill level 1 in Armour
  1178 | D:2      | Reached XP level 6. HP: 36/48 MP: 4/6
  1184 | D:2      | Reached skill level 1 in Dodging
  1301 | D:2      | Reached XP level 7. HP: 56/56 MP: 7/7
  1408 | D:2      | Reached skill level 8 in Polearms
  1835 | D:2      | Reached XP level 8. HP: 58/66 MP: 5/8
  1981 | D:2      | Reached skill level 9 in Polearms
  2460 | D:3      | Reached skill level 5 in Fighting
  2521 | D:3      | Reached skill level 10 in Polearms
  2534 | D:3      | Reached skill level 5 in Armour
  2992 | D:4      | Reached XP level 9. HP: 75/75 MP: 9/9
  3006 | D:4      | Found Memeneis's Antique Weapon Shop.
  3034 | D:4      | Reached skill level 11 in Polearms
  3104 | D:4      | Found a staircase to the Ecumenical Temple.
  3121 | Temple   | Entered the Ecumenical Temple
  3188 | Temple   | Became a worshipper of the Shining One
  3350 | D:4      | Found a shadowy altar of Dithmenos.
  3378 | D:4      | Found a shattered altar of Ashenzari.
  3387 | D:4      | Found a white marble altar of Elyvilon.
  3452 | D:4      | Reached skill level 12 in Polearms
  3452 | D:4      | Reached skill level 1 in Invocations
  3456 | D:4      | Found a snail-covered altar of Cheibriados.
  3502 | D:4      | Found a stormy altar of Qazlal.
  3502 | D:4      | Found a sparkling altar of Nemelex Xobeh.
  3676 | D:5      | Entered Level 5 of the Dungeon
  3676 | D:5      | Found a basalt altar of Yredelemnul.
  3750 | D:5      | Noticed Pikel
  3750 | D:5      | Noticed a troll
  3754 | D:5      | Killed Pikel
  3754 | D:5      | Reached XP level 10. HP: 88/88 MP: 10/10
  3762 | D:5      | Reached * piety under the Shining One
  3798 | D:5      | Found a staircase to the Lair.
  3886 | D:5      | Reached skill level 13 in Polearms
  4009 | D:5      | Found an ornate altar of the Wu Jian Council.
  4339 | D:5      | Noticed a tengu warrior
  4345 | D:5      | Killed a tengu warrior
  4550 | Lair:1   | Entered Level 1 of the Lair of Beasts
  4638 | Lair:1   | Noticed a five-headed hydra
  4663 | Lair:1   | Killed a nine-headed hydra
  4663 | Lair:1   | Reached skill level 14 in Polearms
  4663 | Lair:1   | Reached XP level 11. HP: 33/97 MP: 7/12
  4846 | Lair:1   | Noticed a boulder beetle
  4857 | Lair:1   | Killed a boulder beetle
  5130 | Lair:1   | Identified the +1 leather armour "Uleevvu" {rN+ Dex+5}
  5192 | Lair:1   | Reached ** piety under the Shining One
  5195 | Lair:1   | Reached skill level 10 in Fighting
  5218 | Lair:1   | Found a runed translucent gate.
  5218 | Lair:1   | Noticed an eidolon
  5219 | Lair:1   | Found a runed translucent gate.
  5219 | Lair:1   | Found a runed translucent gate.
  5219 | Lair:1   | Noticed an eidolon
  5816 | Lair:2   | Reached skill level 10 in Armour
  5832 | Lair:2   | Reached skill level 15 in Polearms
  5909 | Lair:2   | Noticed a boulder beetle
  5915 | Lair:2   | Killed a boulder beetle
  6004 | Lair:2   | Reached XP level 12. HP: 99/108 MP: 13/13
  6068 | Lair:2   | Reached skill level 16 in Polearms
  6102 | Lair:2   | Noticed Gammafunk
  6103 | Lair:2   | Found a transporter.
  6105 | Lair:2   | Found a transporter.
  6135 | Lair:2   | Killed Gammafunk
  6144 | Lair:2   | Reached skill level 18 in Polearms
  6144 | Lair:2   | Reached XP level 13. HP: 99/116 MP: 12/14
  6472 | Lair:3   | Reached *** piety under the Shining One
  6781 | Lair:3   | Found a staircase to the Shoals.
  6991 | Lair:3   | Mangled by a death yak

Levels and vault maps discovered:
D:1:      mrwooster_arrival_statue_3, layout_basic
D:2:      layout_sewer, st_mermaid_room
D:3:      layout_basic, first_ration
D:4:      layout_cross, slow_altar_1, minitemple,
          gammafunk_temple_overflow_elements, minmay_temple_entry_offerings,
          serial_shops, kennysheep_little_box, basic_altar
D:5:      layout_loops_ring, lemuel_coloured_pillars_altar,
          bcadren_lemuel_inverted_doored_altar, erik_lair_orcish_takeover,
          grunt_tengu_nest, uniq_pikel
Temple:   nicolae_temple_x_marks_the_god
Lair:1:   miniossuary_kennysheep_ghosthouse, layout_layer_cave,
          grunt_megastairs_3, infiniplex_staircase_pool_2
Lair:2:   layout_chaotic_city, st_stairs_10, uniq_gammafunk_teleport
Lair:3:   layout_layer_cave, minmay_shoals_entry_beasts, grunt_megastairs_4,
          minmay_lair_oklob_chamber

Skill      XL: |  1  2  3  4  5  6  7  8  9 10 11 12 |
---------------+-------------------------------------+-----
Polearms       | 2 3 4 6 7 8 10 12 14 15 18 | 18.8
Armour         | 1 2 3 5 7 9 10 11 | 11.8
Dodging        | 2 3 |  3.0
Fighting       | 2 4 5 7 9 10 11 | 11.9
Invocations    | 2 3 |  3.0
Stealth        | |  0.7
Spellcasting   | |  1.0

Action                   |  1- 3 |  4- 6 |  7- 9 | 10-12 | 13-15 || total
-------------------------+-------+-------+-------+-------+-------++-------
Melee: Scythe            |    62 |    62 |   166 |   157 |    45 ||   492
       Headbutt          |       |     2 |     6 |    17 |     3 ||    28
       Unarmed           |       |       |    45 |       |       ||    45
Evoke: Wand              |       |       |       |     6 |       ||     6
  Use: Scroll            |     1 |     1 |     3 |     3 |       ||     8
       Potion            |       |       |       |     2 |       ||     2
  Eat: Chunk             |       |     2 |     9 |     6 |     2 ||    19
       Ration            |       |       |       |     1 |       ||     1
Armor: Plate armour      |    38 |    47 |    60 |    78 |    13 ||   236
       Skin              |       |       |     4 |       |       ||     4
Dodge: Dodged            |    31 |    25 |    94 |    65 |    11 ||   226
